 Dungeon Crawl Stone Soup version 0.16.2-2-g470672f (webtiles) character file.

70697 tognito the Warrior (level 14, -1/137 HPs)
             Began as a Minotaur Berserker on Aug 16, 2015.
             Was the Champion of Trog.
             Slain by a red ugly thing (22 damage)
             ... on level 14 of the Dungeon on Aug 17, 2015.
             The game lasted 02:58:46 (21834 turns).

tognito the Warrior (Minotaur Berserker)           Turns: 21834, Time: 02:58:49

Health: -1/137     AC: 25    Str: 27      XL:     14   Next: 95%
Magic:  13/13      EV: 11    Int:  1 (4)  God:    Trog [******]
Gold:   1504       SH:  0    Dex: 15      Spells: 0 memorised, 13 levels left

rFire  . . .     SeeInvis .     a - +4 battleaxe "Killer Klown's Doom" {elec, MR+}
rCold  + . .     Clarity  .     X - +1 plate armour {MR+}
rNeg   . . .     SustAb   .     (no shield)
rPois  .         Gourm    +     f - +2 hat {MR+}
rElec  .         Spirit   .     w - +0 cloak
rCorr  .         Warding  .     E - +1 pair of gloves
rMut   .         Stasis   .     M - +1 pair of boots {Stlth+}
MR     ++++.                    V - amulet of the gourmand
Stlth  ..........               T - ring of ice
                                l - +5 ring of dexterity

@: about to teleport, studying Staves, incredibly resistant to hostile
enchantments, extremely unstealthy
A: retaliatory headbutt, horns 2, fire resistance 1, high mp 1, spit poison 1,
placid magic 1
a: Spit Poison, Burn Spellbooks, Berserk, Trog's Hand, Brothers in Arms,
Renounce Religion


You were on level 14 of the Dungeon.
You worshipped Trog.
Trog was exalted by your worship.
You were very hungry.

You visited 2 branches of the dungeon, and saw 22 of its levels.

You collected 1792 gold pieces.
You spent 288 gold pieces at shops.

Inventory:

Hand weapons
 a - the +4 battleaxe "Killer Klown's Doom" (weapon) {elec, MR+}
   (Trog gifted it to you on level 4 of the Dungeon)

   Occasionally, upon striking a foe, it will discharge some electrical energy
   and cause terrible harm.
   It affects your resistance to hostile enchantments.
 b - a +7 arbalest of velocity
Missiles
 k - 73 bolts
 A - 5 tomahawks
 O - 7 bolts of frost
 Q - 26 silver bolts
 Y - 8 javelins of penetration (quivered)
Armour
 f - a +2 hat of magic resistance (worn)
 w - a +0 cloak (worn)
 E - a +1 pair of gloves (worn)
 M - a +1 pair of boots of stealth (worn)
 X - a +1 plate armour of magic resistance (worn)
Jewellery
 l - a +5 ring of dexterity (left hand)
 T - a ring of ice (right hand)
 V - an amulet of the gourmand (around neck)
Magical devices
 d - a wand of frost (28)
 p - a wand of polymorph (12)
 q - a wand of magic darts (22)
 r - a wand of confusion (26)
 x - a wand of teleportation (1)
 y - a wand of digging (5)
 z - a wand of slowing (26)
 B - a wand of invisibility (2)
 F - a wand of cold (10)
 G - a wand of teleportation (6)
 H - a wand of magic darts (23)
 I - a wand of draining (7)
 L - a wand of cold (6)
 S - a wand of magic darts (25)
 U - a wand of draining (3)
 W - a wand of disintegration (14)
Scrolls
 e - 6 scrolls of fog
 i - 11 scrolls of remove curse
 n - 9 scrolls of identify
 v - 5 scrolls of teleportation
 J - 3 scrolls of blinking
 P - a scroll of recharging
 Z - a scroll of enchant weapon
Potions
 g - 5 potions of haste
 j - 9 potions of curing
 s - a potion of might
 u - 4 potions of agility
 D - 8 potions of heal wounds
 R - a potion of magic
Books
 t - a manual of Staves
Miscellaneous
 N - a legendary deck of summoning {drawn: 4}
Comestibles
 c - 11 bread rations
 h - 9 beef jerkies
 m - 11 meat rations
 o - a royal jelly
 K - 29 fruits


   Skills:
 * Level 16.0 Fighting
 + Level 14.0 Axes
   Level 4.7 Slings
 + Level 15.5 Crossbows
 + Level 0.4(2.6) Throwing
 + Level 12.5 Armour
 + Level 6.4 Dodging
 + Level 1.8 Stealth
 + Level 3.1 Evocations


You had 13 spell levels left.
You didn't know any spells.

Dungeon Overview and Level Annotations

Branches:
Dungeon (14/15)            Temple (0/1) D:7            Lair (8/8) D:9
  Swamp (0/5) Lair:6        Snake (0/5) Lair:4        Slime (0/6) Lair:8
    Orc (0/4) D:11         Vaults (0/5) D:13

Altars:
Ashenzari
Elyvilon
Fedhas
Gozag
Makhleb
Okawaru
Sif Muna
Xom
Yredelemnul
Zin
The Shining One
Jiyva

Shops:
D:4 ?   D:8 (*   D:10 !

Portals:
Hell: Lair:8

Annotations:
D:4 Blork the orc


Innate Abilities, Weirdness & Mutations

You reflexively headbutt those who attack you in melee.
You have a pair of horns on your head.
Your flesh is heat resistant.
You have an increased reservoir of magic (+10% MP).
You can spit poison.
Your spells are a little easier to cast, but a little less powerful.


Message History

You slice the red ugly thing!!
Your headbutt misses the red ugly thing.
The red ugly thing is severely wounded.
You slash the red ugly thing!
There is a sudden explosion of sparks!
The red ugly thing is severely wounded.
The red ugly thing completely misses you.
The red ugly thing claws you.
You are engulfed in flames!!
* * * LOW HITPOINT WARNING * * *
Read which item? (? for menu, Esc to quit)
As you read the scroll of teleportation, it crumbles to dust.
You feel strangely unstable.
The red ugly thing kicks you but does no damage.
You slash the red ugly thing!
The red ugly thing is almost dead.
You closely miss the red ugly thing.
The red ugly thing is severely wounded.
You completely miss the red ugly thing. The red ugly thing kicks you!
* * * LOW HITPOINT WARNING * * *
You are engulfed in flames!!
You die...

. . ##.#.###
..(... ....[. .
.... # . ...#
.... #. #..
..#..
##.###u##......
..#...#u@u..#.#
...........#.#.#
..#...#.....#.#
##. #.##..#.#
#..##.##.##..#.#
#............#.#
##.##.#...#..#.#
#......(...#
#....#...#..###


You could see 3 ugly things.

Vanquished Creatures
  Gastronok (Lair:3)
  2 dire elephants (Lair:8)
  Snorg (Lair:7)
  Josephine (D:12)
  5 vault guards (D:13)
  Fannar (Lair:7)
  Harold (Lair:4)
  A catoblepas (Lair:6)
  5 hydras
  3 death yaks
  A centaur warrior (D:13)
  An ogre mage (D:13)
  2 unseen horrors
  A wizard (Lair:8)
  A lindwurm (Lair:6)
  3 hill giants
  A faun (Lair:8)
  7 ugly things
  4 griffons
  3 elephants (Lair:3)
  Maurice (D:12)
  4 black mambas
  A sixfirhy (Lair:8)
  A smoke demon (Lair:8)
  11 spiny frogs
  4 fire drakes
  2 gargoyles (D:12)
  7 komodo dragons
  A yaktaur (D:13)
  4 red devils (Lair:8)
  3 blue devils (Lair:8)
  5 polar bears (D:10)
  2 two-headed ogres
  A troll (D:13)
  Prince Ribbit (D:4)
  24 blink frogs
  11 slime creatures
  4 wraiths
  4 basilisks
  A human (D:13)
  A baby alligator (Lair:6)
  37 yaks
  A vampire (D:12)
  A fire bat (D:4)
  Eustachio (D:8)
  2 deep elf magi (D:9)
  8 vampire mosquitoes
  2 wyverns
  4 nagas (Lair:4)
  A mottled dragon (D:13)
  10 hippogriffs
  A deep elf fighter (D:13)
  8 wolves
  A hungry ghost (D:8)
  A hog (D:10)
  Menkaure (D:4)
  4 wargs (D:10)
  17 water moccasins
  7 porcupines
  8 orc warriors
  A hell hound (Lair:8)
  4 black bears
  An ice beast (D:11)
  2 boring beetles
  4 eyes of draining
  3 sky beasts
  7 ogres
  A wasp (D:12)
  2 necrophages
  20 crocodiles
  12 centaurs
  10 big kobolds
  2 phantoms
  A brain worm (D:12)
  A gnoll sergeant (D:9)
  22 giant frogs
  3 scorpions
  3 killer bees
  12 wights
  Dowan (D:4)
  7 crimson imps
  A centaur zombie (D:11)
  3 orc priests
  A gnoll shaman (D:9)
  A goliath beetle (D:7)
  A centaur skeleton (D:9)
  9 hounds
  3 jellies
  3 giant frog skeletons
  A giant frog zombie (D:8)
  7 orc wizards
  Natasha (thrice) (D:3)
  10 iguanas
  6 worker ants
  38 sheep
  Ijyb (D:3)
  Jessica (D:3)
  A hound zombie (D:9)
  A mummy (D:11)
  A hound skeleton (D:9)
  20 gnolls
  49 river rats
  22 adders
  A shadow imp (D:12)
  2 worms
  An adder zombie (D:7)
  2 adder skeletons
  5 giant geckos
  An ooze (D:2)
  46 orcs
  10 bats
  12 giant cockroaches
  15 goblins
  14 hobgoblins
  6 jackals
  4 ball pythons
  2 giant gecko zombies
  4 giant newts
  2 giant spores
  A jackal skeleton (D:6)
  75 kobolds
  10 quokkas
  19 rats
  3 ballistomycetes
  5 bushes (D:9)
  4 fungi
  14 plants
813 creatures vanquished.

Vanquished Creatures (collateral kills)
  The ghost of Miyamura the Fighter, a powerful NaEn of Cheibriados (Lair:7)
  A red devil (Lair:8)
  A tengu conjurer (D:13)
  A blue devil (Lair:8)
  A hellwing (Lair:8)
  2 vampire mosquitoes (D:13)
7 creatures vanquished.

Vanquished Creatures (others)
  A centaur warrior (Lair:7)
  2 centaurs (Lair:8)
  7 fungi
  4 plants
14 creatures vanquished.

Grand Total: 834 creatures vanquished

Notes
Turn   | Place    | Note
--------------------------------------------------------------
     0 | D:1      | tognito, the Minotaur Berserker, began the quest for the Orb.
     0 | D:1      | Reached XP level 1. HP: 19/19 MP: 1/1
   147 | D:1      | Reached XP level 2. HP: 25/27 MP: 1/1
   222 | D:1      | Reached skill level 4 in Fighting
   362 | D:1      | Acquired Trog's second power
   687 | D:1      | Reached XP level 3. HP: 33/33 MP: 2/2
  1553 | D:3      | Reached XP level 4. HP: 41/41 MP: 2/2
  1597 | D:3      | Noticed Jessica
  1602 | D:3      | Killed Jessica
  2075 | D:3      | Found a basalt altar of Yredelemnul.
  2140 | D:3      | Noticed a big kobold
  2147 | D:3      | Killed a big kobold
  2147 | D:3      | Reached skill level 5 in Fighting
  2147 | D:3      | Reached skill level 1 in Slings
  2147 | D:3      | Reached XP level 5. HP: 46/48 MP: 2/2
  2167 | D:3      | Noticed a big kobold
  2178 | D:3      | Killed a big kobold
  2233 | D:3      | Acquired Trog's third power
  2233 | D:3      | Reached XP level 6. HP: 46/56 MP: 3/3
  2353 | D:3      | Noticed Ijyb
  2359 | D:3      | Killed Ijyb
  2424 | D:3      | Noticed a big kobold
  2428 | D:3      | Noticed a big kobold
  2432 | D:3      | Killed a big kobold
  2432 | D:3      | Reached skill level 5 in Axes
  2436 | D:3      | Killed a big kobold
  2436 | D:3      | Reached skill level 6 in Fighting
  2450 | D:3      | Noticed a big kobold
  2459 | D:3      | Killed a big kobold
  2459 | D:3      | Reached XP level 7. HP: 18/64 MP: 3/3
  2859 | D:3      | Noticed Natasha
  2865 | D:3      | Killed Natasha
  2944 | D:3      | Noticed Natasha
  2951 | D:3      | Killed Natasha
  2970 | D:3      | Noticed Natasha
  2970 | D:3      | Killed Natasha
  3173 | D:4      | Found a shattered altar of Ashenzari.
  3173 | D:4      | Found a burning altar of Makhleb.
  3237 | D:4      | Noticed Menkaure
  3496 | D:4      | Killed Menkaure
  3506 | D:4      | Reached skill level 7 in Fighting
  3522 | D:4      | Received a gift from Trog
  3523 | D:4      | Got a pitted battleaxe {god gift}
  3524 | D:4      | Identified the +4 battleaxe "Killer Klown's Doom" {elec, MR+} (Trog gifted it to you on level 4 of the Dungeon)
  3694 | D:4      | Noticed Duvessa
  3699 | D:4      | Noticed Duvessa
  3699 | D:4      | Duvessa changed into Duvessa the fire bat
  3703 | D:4      | Killed Duvessa the fire bat
  3706 | D:4      | Noticed Dowan
  3713 | D:4      | Killed Dowan
  3830 | D:4      | Found Pnamir's Magic Scroll Shop.
  3838 | D:4      | Bought a scroll of identify for 24 gold pieces
  3838 | D:4      | Bought a scroll of identify for 24 gold pieces
  3838 | D:4      | Bought a scroll of enchant weapon for 90 gold pieces
  3838 | D:4      | Bought a scroll of enchant armour for 90 gold pieces
  3838 | D:4      | Bought a scroll of teleportation for 36 gold pieces
  3838 | D:4      | Bought a scroll of identify for 24 gold pieces
  3922 | D:4      | Noticed Blork the orc
  4135 | D:4      | Found a deep blue altar of Sif Muna.
  4322 | D:4      | Noticed Prince Ribbit
  4331 | D:4      | Reached XP level 8. HP: 37/73 MP: 3/3
  4339 | D:4      | HP: 2/73 [Prince Ribbit (2)]
  4340 | D:4      | Killed Prince Ribbit
  4659 | D:4      | Reached skill level 1 in Stealth
  4763 | D:5      | Entered Level 5 of the Dungeon
  4880 | D:5      | Reached skill level 1 in Crossbows
  4882 | D:5      | Reached skill level 8 in Fighting
  5020 | D:5      | Reached skill level 5 in Armour
  5020 | D:5      | Reached skill level 5 in Dodging
  5123 | D:5      | Gained mutation: You can spit poison. [potion of beneficial mutation]
  5172 | D:5      | Received a gift from Trog
  5212 | D:5      | Reached XP level 9. HP: 63/82 MP: 4/4
  5484 | D:6      | Gained mutation: You have an increased reservoir of magic (+10% MP). [potion of mutation]
  5484 | D:6      | Gained mutation: Your spells are a little easier to cast, but a little less powerful. [potion of mutation]
  5484 | D:6      | Gained mutation: Your flesh is heat resistant. [potion of mutation]
  5868 | D:6      | Found an opulent altar of Gozag.
  6434 | D:7      | Found a staircase to the Ecumenical Temple.
  6494 | D:7      | Reached skill level 9 in Fighting
  6705 | D:7      | Found a shimmering altar of Xom.
  6809 | D:7      | Received a gift from Trog
  6917 | D:8      | Found Vyaxt's General Store.
  7313 | D:8      | Reached skill level 5 in Crossbows
  7416 | D:8      | Noticed Eustachio
  7421 | D:8      | Killed Eustachio
  7482 | D:8      | Found Wasusai's Weapon Boutique.
  7497 | D:8      | Reached XP level 10. HP: 93/93 MP: 4/4
  7952 | D:9      | Reached skill level 10 in Fighting
  8082 | D:9      | Found a blossoming altar of Fedhas.
  8176 | D:9      | Found a white marble altar of Elyvilon.
  8176 | D:9      | Found a glowing silver altar of Zin.
  8176 | D:9      | Found a glowing golden altar of the Shining One.
  8364 | D:9      | Noticed a five-headed hydra
  8369 | D:9      | Killed a five-headed hydra
  8382 | D:9      | Reached skill level 1 in Evocations
  8571 | D:9      | Received a gift from Trog
  8581 | D:9      | Found a staircase to the Lair.
  8613 | Lair:1   | Entered Level 1 of the Lair of Beasts
  8751 | Lair:1   | Reached skill level 11 in Fighting
  8998 | Lair:1   | Reached skill level 10 in Axes
  9668 | Lair:1   | Reached XP level 11. HP: 102/102 MP: 6/6
  9720 | Lair:1   | Received a gift from Trog
 10970 | Lair:3   | Received a gift from Trog
 11215 | Lair:3   | Reached skill level 10 in Crossbows
 11275 | Lair:3   | Received a gift from Trog
 11335 | Lair:3   | Noticed Gastronok
 11345 | Lair:3   | Killed Gastronok
 11345 | Lair:3   | Reached skill level 12 in Fighting
 11769 | Lair:4   | Reached XP level 12. HP: 113/113 MP: 8/8
 11805 | Lair:4   | Received a gift from Trog
 11959 | Lair:4   | Found a staircase to the Snake Pit.
 12023 | Lair:4   | Noticed Harold
 12035 | Lair:4   | Killed Harold
 12247 | Lair:4   | Noticed a death yak
 12254 | Lair:4   | Killed a death yak
 12289 | Lair:4   | Noticed a death yak
 12297 | Lair:4   | Killed a death yak
 12885 | Lair:5   | Reached skill level 13 in Fighting
 13123 | Lair:5   | Reached skill level 10 in Armour
 13456 | Lair:5   | Received a gift from Trog
 14206 | Lair:6   | Noticed a catoblepas
 14211 | Lair:6   | Killed a catoblepas
 14252 | Lair:6   | Found a staircase to the Swamp.
 14258 | Lair:6   | Reached XP level 13. HP: 108/123 MP: 9/9
 14474 | Lair:6   | Received a gift from Trog
 14654 | Lair:6   | Reached skill level 14 in Fighting
 14890 | Lair:7   | Identified a scroll of acquirement
 15004 | Lair:7   | Noticed Miyamura's ghost (powerful NaEn)
 15009 | Lair:7   | Noticed Snorg
 15030 | Lair:7   | Killed Miyamura's ghost
 15031 | Lair:7   | Killed Snorg
 15184 | Lair:7   | Noticed Fannar
 15191 | Lair:7   | Killed Fannar
 15796 | Lair:8   | Entered Level 8 of the Lair of Beasts
 16177 | Lair:8   | Received a gift from Trog
 16640 | Lair:8   | Found a viscous altar of Jiyva.
 16640 | Lair:8   | Found a staircase to the Slime Pits.
 16844 | Lair:8   | Noticed a dire elephant
 16851 | Lair:8   | Killed a dire elephant
 16897 | Lair:8   | Noticed a dire elephant
 16904 | Lair:8   | Killed a dire elephant
 16951 | Lair:8   | Found a burning altar of Makhleb.
 16982 | Lair:8   | Reached skill level 15 in Fighting
 17159 | Lair:8   | Found a gateway to Hell.
 17324 | Lair:5   | Reached XP level 14. HP: 135/135 MP: 13/13
 17476 | D:10     | Entered Level 10 of the Dungeon
 17564 | D:10     | Found Qegeasall's Distillery.
 17752 | D:10     | Found a huge runed gate.
 17756 | D:10     | Found a huge runed gate.
 17757 | D:10     | Found a huge runed gate.
 17758 | D:10     | Found a huge runed gate.
 17777 | D:10     | Received a gift from Trog
 17830 | D:10     | Received a gift from Trog
 18457 | D:11     | Found a staircase to the Orcish Mines.
 18772 | D:11     | Received a gift from Trog
 19244 | D:12     | Found an iron altar of Okawaru.
 19294 | D:12     | Noticed Josephine
 19307 | D:12     | Killed Josephine
 19308 | D:12     | Noticed Maurice
 19309 | D:12     | Received a gift from Trog
 19320 | D:12     | Killed Maurice
 19750 | D:12     | Lost intelligence.
 20208 | D:12     | Received a gift from Trog
 20664 | D:13     | Received a gift from Trog
 20779 | D:13     | Reached skill level 15 in Crossbows
 21341 | D:13     | Found a gate to the Vaults.
 21352 | D:13     | Reached skill level 16 in Fighting
 21834 | D:14     | Slain by a red ugly thing

Action                   |  1- 3 |  4- 6 |  7- 9 | 10-12 | 13-15 || total
-------------------------+-------+-------+-------+-------+-------++-------
Melee: Hand axe          |    77 |    29 |       |       |       ||   106
       War axe           |       |    44 |    41 |       |       ||    85
       Battleaxe         |       |       |   115 |   286 |   295 ||   696
       Executioner's axe |       |       |       |     1 |       ||     1
       Arbalest          |       |       |       |       |     1 ||     1
 Fire: Hunting sling     |    13 |    43 |    38 |       |       ||    94
       Hand crossbow     |       |       |    29 |       |       ||    29
       Arbalest          |       |       |    75 |   297 |   337 ||   709
Throw: Tomahawk          |       |     2 |     4 |       |       ||     6
Invok: Berserk           |       |     1 |       |       |     2 ||     3
       Burn Spellbooks   |       |       |     2 |     4 |     3 ||     9
 Abil: Spit Poison       |       |       |       |       |     1 ||     1
Evoke: Wand              |       |       |     5 |     9 |    13 ||    27
       Deck              |       |       |       |       |     4 ||     4
  Use: Potion            |     4 |     3 |     5 |     4 |    10 ||    26
       Scroll            |       |       |    16 |     8 |    13 ||    37
 Stab: Sleeping          |     2 |       |       |       |       ||     2
       Distracted        |       |       |       |       |     1 ||     1
  Eat: Chunk             |     1 |     4 |    16 |    21 |    23 ||    65
       Pizza             |       |       |     1 |       |       ||     1
       Fruit             |       |       |       |       |     3 ||     3
